 Dungeon Crawl Stone Soup version 0.26-a0-597-gb535b0901c (webtiles) character file.

Game seed: 9569180542198413357

2628 Flugslaktarn the Cleaver (level 9, -7/85 HPs)
             Began as a Deep Dwarf Monk on Sept 14, 2020.
             Was a Priest of Makhleb.
             Mangled by a two-headed ogre
             ... wielding a +0 giant club
              (12 damage)
             ... on level 8 of the Dungeon.
             The game lasted 00:04:05 (5080 turns).

Flugslaktarn the Cleaver (Deep Dwarf Monk)          Turns: 5080, Time: 00:04:05

Health: -7/85      AC: 15    Str: 18    XL:     9   Next: 35%
Magic:  6/6        EV: 11    Int: 11    God:    Makhleb [***...]
Gold:   189        SH:  5    Dex: 18    Spells: 8/8 levels left

rFire    . . .     SeeInvis .   j - +1 executioner's axe
rCold    . . .     Faith    .   (shield currently unavailable)
rNeg     . . .     Spirit   .   m - +0 chain mail
rPois    .         Reflect  +   (no helmet)
rElec    .         Harm     .   e - +2 cloak
rCorr    .                      g - +1 pair of gloves {Dex+3}
MR       +....                  (no boots)
Stlth    ..........             f - amulet of reflection
HPRegen  0.00/turn              (no ring)
MPRegen  0.10/turn              (no ring)

@: non-regenerating
A: damage resistance, heal wounds, sense surroundings 2, no regeneration
a: Heal Wounds, Minor Destruction, Lesser Servant of Makhleb, Renounce Religion


You were on level 8 of the Dungeon.
You worshipped Makhleb.
Makhleb was most pleased with you.
You visited 1 branch of the dungeon, and saw 8 of its levels.

You collected 384 gold pieces.
You spent 195 gold pieces at shops.

Inventory:

Hand Weapons
 j - a +1 executioner's axe (weapon)
   (You found it on level 5 of the Dungeon)
Armour
 e - a +2 cloak (worn)
   (You found it on level 4 of the Dungeon)
 g - a +1 pair of gloves of dexterity (worn)
   (You bought it in a shop on level 4 of the Dungeon)
 m - a +0 chain mail (worn)
   (You found it on level 2 of the Dungeon)
 u - a scarf of repulsion
   (You found it on level 5 of the Dungeon)
Jewellery
 f - an amulet of reflection (around neck)
   (You found it on level 4 of the Dungeon)
 h - a +4 ring of slaying {unknown}
   (You found it on level 7 of the Dungeon)
Wands
 s - a wand of paralysis (4)
   (You found it on level 4 of the Dungeon)
Scrolls
 i - a scroll of immolation
 k - a scroll of enchant armour
 p - a scroll of magic mapping
 t - 6 scrolls of teleportation
 x - 2 scrolls of remove curse
Potions
 a - a potion of degeneration {unknown}
 b - a potion of mutation {unknown}
 c - a potion of flight
 d - 2 potions of might
 l - 2 potions of lignification
 n - 2 potions of ambrosia
 q - 3 potions of curing
 w - 3 potions of heal wounds


   Skills:
 * Level 6.9 Fighting
 * Level 8.4 Axes
 + Level 5.0 Armour
 + Level 6.2 Dodging
 - Level 2.4 Stealth
 + Level 5.7 Invocations


You had 8 spell levels left.
You didn't know any spells.
Your spell library was empty.

Dungeon Overview and Level Annotations

Branches:
Dungeon (8/15)             Temple (0/1) D:6
   Lair: D:8-11

Altars:
Dithmenos
Kikubaaqudgha
Makhleb
Okawaru
Qazlal
Sif Muna
Vehumet
Wu Jian
Xom
The Shining One

Shops:
D:4 [   D:6 :*


Innate Abilities, Weirdness & Mutations

You are resistant to damage.
You can heal yourself by infusing magical energy.
You passively map the area around you.
You do not regenerate.


Message History

You are too injured to fight recklessly!
You feel much better.
You feel much better.
The two-headed ogre hits you with a +0 giant club!
The two-headed ogre hits you with a +0 giant club!!
* * * LOW HITPOINT WARNING * * *
You are too injured to fight recklessly!
You are too injured to fight recklessly!
You slash the two-headed ogre!
The two-headed ogre is severely wounded.
The two-headed ogre hits you with a +0 giant club!!
* * * LOW HITPOINT WARNING * * *
The two-headed ogre barely misses you.
Something unseen opens the door.
You are too injured to fight recklessly!
You hit the two-headed ogre.
The two-headed ogre is severely wounded.
The two-headed ogre barely misses you. The two-headed ogre closely misses you.
An orc comes into view.
The two-headed ogre hits you with a +0 giant club!
You die...

* ** , #.....####.##.# **
, #.............# , ,
#../..####.##.. *,
#.....## #..... ,
#......# #.##.# , *
######.###..... ,,*
##.......#.##.#
#####........#.##.#
##O@..........#..... *
#..##.....8.........
#..................##....
#..#######...............
#, ### #.........#.....
*, ### #.####.####.....


o_+ ..# #.......... ,**#+###.# ########... ,, #..... You could see a two-headed
ogre and an orc (wandering).

Vanquished Creatures
  2 hippogriffs
  2 ice beasts
  3 ogres
  A phantom (D:7)
  4 bullfrogs
  6 scorpions
  A water moccasin skeleton (D:7)
  10 wights
  A centaur zombie (D:5)
  A quasit (D:8)
  A jelly (D:6)
  4 hounds
  A bullfrog skeleton (D:4)
  Jessica (D:2)
  3 iguanas (D:4)
  An orc wizard (D:4)
  5 worker ants
  A hound skeleton (D:6)
  3 gnolls (D:7)
  A worker ant zombie (D:8)
  15 adders
  A white imp (D:5)
  An ufetubus (D:5)
  An ooze (D:2)
  3 adder skeletons
  A dart slug (D:2)
  3 leopard geckos
  7 orcs
  3 giant cockroaches
  5 goblins
  10 hobgoblins
  8 jackals
  6 bats
  3 frilled lizards
  6 kobolds
  A leopard gecko zombie (D:7)
  6 rats
132 creatures vanquished.

Vanquished Creatures (others)
  2 fungi (D:5)
2 creatures vanquished.

Grand Total: 134 creatures vanquished

Notes
Turn   | Place    | Note
-------+----------+-------------------------------------------
     0 | D:1      | Flugslaktarn the Deep Dwarf Monk began the quest for the
                  | Orb.
     0 | D:1      | Reached XP level 1. HP: 20/20 MP: 1/1
   172 | D:1      | Reached XP level 2. HP: 20/27 MP: 2/2
   724 | D:2      | Noticed Jessica
   736 | D:2      | Killed Jessica
   736 | D:2      | Reached skill level 4 in Axes
   736 | D:2      | Reached skill level 1 in Armour
   736 | D:2      | Reached XP level 3. HP: 24/34 MP: 3/3
  1161 | D:2      | Reached XP level 4. HP: 18/42 MP: 4/4
  1643 | D:3      | Found a burning altar of Makhleb.
  1647 | D:3      | Found a radiant altar of Vehumet.
  1652 | D:3      | Became a worshipper of Makhleb the Destroyer
  1652 | D:3      | Reached * piety under Makhleb
  1652 | D:3      | Reached ** piety under Makhleb
  1661 | D:3      | Found an ancient bone altar of Kikubaaqudgha.
  1820 | D:4      | Found Oquil's Antique Armour Boutique.
  2066 | D:4      | Reached XP level 5. HP: 44/50 MP: 3/3
  2069 | D:4      | Reached skill level 1 in Invocations
  2324 | D:4      | Reached skill level 5 in Axes
  2390 | D:4      | Reached XP level 6. HP: 35/57 MP: 5/5
  2598 | D:5      | Entered Level 5 of the Dungeon
  2882 | D:5      | Reached XP level 7. HP: 38/66 MP: 5/5
  2996 | D:5      | Found an ornate altar of the Wu Jian Council.
  3178 | D:5      | Found a shimmering altar of Xom.
  3364 | D:5      | Reached skill level 6 in Axes
  3563 | D:6      | Reached skill level 5 in Fighting
  3581 | D:6      | Found Lisuedes's Book Boutique.
  3628 | D:6      | Found a shadowy altar of Dithmenos.
  3671 | D:6      | Found a stormy altar of Qazlal.
  3787 | D:6      | Reached skill level 5 in Dodging
  3808 | D:6      | Found Feyw's Lightly-Used Armoury.
  3910 | D:6      | Noticed a hippogriff
  3920 | D:6      | Reached XP level 8. HP: 33/74 MP: 6/6
  3934 | D:6      | Killed a hippogriff
  3934 | D:6      | Reached skill level 7 in Axes
  3953 | D:6      | Reached *** piety under Makhleb
  3955 | D:6      | Found a staircase to the Ecumenical Temple.
  4031 | D:6      | Found a glowing golden altar of the Shining One.
  4032 | D:6      | Found an iron altar of Okawaru.
  4230 | D:4      | Bought a pair of glowing gloves for 195 gold pieces
  4359 | D:7      | Noticed a hippogriff
  4384 | D:7      | Killed a hippogriff
  4476 | D:7      | Reached skill level 5 in Invocations
  4506 | D:7      | Gained mutation: You passively map the area around you.
                  | [Deep Dwarf growth]
  4506 | D:7      | Reached XP level 9. HP: 46/85 MP: 6/6
  4542 | D:7      | Reached skill level 8 in Axes
  5032 | D:8      | Reached skill level 5 in Armour
  5066 | D:8      | Noticed a two-headed ogre
  5068 | D:8      | Found a shimmering blue altar of Sif Muna.
  5074 | D:8      | HP: 4/85 [two-headed ogre/+0 giant club (9)]
  5080 | D:8      | Mangled by a two-headed ogre

Illustrated notes

Levels and vault maps discovered:
D:1:      dpeg_arrival_erosion, layout_basic, minmay_ruptured
D:2:      layout_loops_ring, serial_rivers, chequers_serial_rivers_micro_c,
          chequers_serial_rivers_room_b, chequers_serial_rivers_room_b,
          chequers_serial_rivers_marsh, uniq_jessica
D:3:      layout_loops_ring, minmay_overflow_temple_star_quad,
          kennysheep_generic_room_7
D:4:      layout_loops_cross, serial_shops, shop
D:5:      old_forge, layout_basic, lemuel_coloured_pillars_altar,
          old_standard_altar
D:6:      layout_loops_cross, old_standard_altar,
          nicolae_overflow_crystal_walls, gammafunk_temple_overflow_statue,
          minmay_temple_entry_mini_moons, serial_shops, kennysheep_mini_moat,
          ebering_dispersal_statue_hall, minmay_shop_damaged
D:7:      layout_layer_cave, chequers_serial_rivers_micro_a,
          serial_park_tiny_pond
D:8:      layout_loops_cross, marbit_many_paths, lemuel_doored_altar,
          serial_ice, serial_ice_j, serial_ice_o, serial_ice_h, serial_ice_b

Skill      XL: |  1  2  3  4  5  6  7  8  9 |
---------------+----------------------------+-----
Fighting       | 3 4 5 6 |  6.9
Axes           | 4 5 6 7 8 |  8.4
Armour         | 1 2 3 4 5 |  5.0
Dodging        | 4 5 6 |  6.2
Invocations    | 1 2 3 5 |  5.7
Stealth        | |  2.4

Action                   |  1- 3 |  4- 6 |  7- 9 || total
-------------------------+-------+-------+-------++-------
Melee: Hand axe          |   110 |   265 |   113 ||   488
       Executioner's axe |       |       |   188 ||   188
 Abil: Heal Wounds       |     1 |     5 |     9 ||    15
  Use: Potion            |       |     2 |       ||     2
       Scroll            |       |    12 |     6 ||    18
 Stab: Sleeping          |     5 |       |       ||     5
Armor: Robe              |    29 |       |       ||    29
       Chain mail        |     1 |   150 |   222 ||   373
Dodge: Dodged            |    90 |   107 |   192 ||   389
Block: Other             |       |    26 |   116 ||   142

Table legend: (Time is in decaauts)
 A = Elapsed time spent in this place.
 B = Non-inter-level travel time spent in this place.
 C = Inter-level travel time spent in this place.
 D = Time resting spent in this place.
 E = Time spent auto-exploring this place.
 F = Levels seen in this place.
 G = Mean time per level.
                   A        B        C        D        E       F      G
               +--------+--------+--------+--------+--------+-----+--------+
         Total |   5242 |   4899 |    343 |     32 |   3503 |   8 |  655.2 |
       Dungeon |   5242 |   4899 |    343 |     32 |   3503 |   8 |  655.2 |
               +--------+--------+--------+--------+--------+-----+--------+

Top non-repeatable levels by time:
     D:5: 983 daAuts
     D:4: 837 daAuts
     D:6: 738 daAuts
     D:2: 686 daAuts
     D:1: 637 daAuts
     D:7: 561 daAuts
     D:3: 523 daAuts
     D:8: 274 daAuts
